 Dungeon Crawl Stone Soup version 0.28-a0-1236-gb25a51b929 (webtiles) character file.

Game seed: 9716623427577318518

3044 tilp the Basher (level 9, -8/106 HPs)
             Began as a Grey Draconian Cinder Acolyte on Dec 25, 2021.
             Was a High Priest of Ignis.
             Mangled by a freezing wraith (15 damage)
             ... on level 6 of the Dungeon on Dec 26, 2021.
             The game lasted 00:17:54 (8759 turns).

tilp the Basher (Grey Draconian Cinder Acolyte)     Turns: 8759, Time: 00:17:56

Health: -8/106     AC: 13    Str: 17    XL:     9   Next: 56%
Magic:  0/10       EV: 11    Int: 19    God:    Ignis [*****.]
Gold:   249        SH:  0    Dex:  6    Spells: 5/10 levels left

rFire   + . .      SeeInvis .   b - +0 morningstar
rCold   . . .      Faith    .   (no shield)
rNeg    . . .      Spirit   +   (armour unavailable)
rPois   .          Reflect  .   (helmet restricted)
rElec   .          Harm     .   (no cloak)
rCorr   .          Rampage  .   m - +0 pair of gloves
Will    +....                   (no boots)
Stlth   ..........              e - amulet of guardian spirit
HPRegen 0.27/turn               k - ring of willpower
MPRegen 0.12/turn               (no ring)

@: berserking, slowed
A: AC +12, amphibious, unfitting armour, cold-blooded
a: Renounce Religion, Fiery Armour, Foxfire Swarm, Rising Flame


You were on level 6 of the Dungeon.
You worshipped Ignis.
Ignis was extremely pleased with you.
You visited 1 branch of the dungeon, and saw 7 of its levels.

You collected 307 gold pieces.
You spent 58 gold pieces at shops.

Inventory:

Hand Weapons
 a - a -1 mace of flaming
 b - a +0 morningstar (weapon)
 c - a +0 vampiric dagger
 j - a +1 dagger of holy wrath
Missiles
 d - 192 stones
 n - 4 poisoned darts (quivered)
 q - 3 boomerangs
 v - 5 datura-tipped darts
Armour
 m - a +0 pair of gloves (worn)
 w - a +0 buckler
Jewellery
 e - an amulet of guardian spirit (around neck)
 k - a ring of willpower (left hand)
 s - a ring of fire
Wands
 p - a wand of polymorph (9)
 x - a wand of acid (1)
Scrolls
 h - a scroll of brand weapon {unknown}
 i - 2 scrolls of vulnerability
 o - a scroll of enchant weapon {unknown}
Potions
 f - a potion of invisibility
 g - a potion of curing
 l - 3 potions of cancellation
 r - 2 potions of magic


   Skills:
 - Level 4.0 Fighting
 + Level 14.6 Maces & Flails
 - Level 2.0 Dodging
 - Level 2.0 Stealth
 + Level 3.5 Shields
 - Level 1.0 Spellcasting
 - Level 3.0 Fire Magic
 - Level 4.0 Evocations


You had 5 spell levels left.
You knew the following spells:

 Your Spells              Type           Power      Damage    Failure   Level
a - Scorch                Fire           24%        2d6       9%          2
b - Stone Arrow           Conj/Erth      0%         3d7       50%         3

Your spell library contained the following spells:

 Spells                   Type           Power      Damage    Failure   Level
 Animate Skeleton         Necr           0%         N/A       19%         1
 Pain                     Necr           0%         1d4       19%         1
 Sandblast                Erth           0%         2d4       19%         1
 Corpse Rot               Necr/Air       0%         N/A       28%         2
 Ensorcelled Hibernation  Hex/Ice        0%         N/A       28%         2
 Passwall                 Tmut/Erth      0%         N/A       28%         2
 Poisonous Vapours        Pois/Air       0%         N/A       28%         2
 Tukima's Dance           Hex            0%         N/A       50%         3
 Vampiric Draining        Necr           0%         2d6       50%         3
 Animate Dead             Necr           0%         N/A       88%         4
 Borgnjor's Vile Clutch   Necr/Erth      0%         N/A       99%         5
 Death Channel            Necr           0%         N/A       100%        6


Dungeon Overview and Level Annotations

Branches:
Dungeon (7/15)             Temple (0/1) D:5

Altars:
Ashenzari
Fedhas
Makhleb
Qazlal
Ru
Trog
Zin
The Shining One

Shops:
D:1 [   D:4 *

Annotations:
D:4 Eustachio
D:5 kobold demonologists


Innate Abilities, Weirdness & Mutations

Your dull iron-grey scales are very hard. (AC +12)
You are amphibious.
You cannot fit into any form of body armour.
You are cold-blooded and may be slowed by cold attacks.


Message History

Okay, then.
You feel better.
The freezing wraith hits you but does no damage. x2
Unknown command.
Press: ? - help, v - describe, . - travel
Here: a freezing wraith (lightly damaged)
The floor.
Casting: Scorch (safe; 9% risk of failure)
Confirm with . or Enter, or press ? or * to list all spells.
Flames lash the freezing wraith but do no damage.
The freezing wraith hits you but does no damage.
The freezing wraith hits you. The freezing wraith drains your vigour!
You feel as though you will be slow longer.
The freezing wraith hits you but does no damage.
The freezing wraith hits you.
Unknown command.
You hit the freezing wraith but do no damage.
The freezing wraith is lightly damaged.
The freezing wraith barely misses you.
The freezing wraith hits you but does no damage.
You barely miss the freezing wraith.
The freezing wraith is lightly damaged.
The freezing wraith hits you but does no damage.
The freezing wraith barely misses you.
A red film seems to cover your vision as you go berserk!
You feel yourself moving faster!
You feel mighty! The freezing wraith hits you.
The freezing wraith freezes you!!
* * * LOW HITPOINT WARNING * * *
The freezing wraith hits you but does no damage. x2
The freezing wraith hits you!
* * * LOW HITPOINT WARNING * * *
You sock the freezing wraith!
The freezing wraith is moderately damaged.
You barely miss the freezing wraith.
The freezing wraith is moderately damaged.
The freezing wraith hits you!
* * * LOW HITPOINT WARNING * * *
The freezing wraith freezes you!
You feel as though you will be slow longer.
You die...

#..........###..........
#.......................
#..........###..........
#.......................
#..........###..........
#........#...#..........
#........###.#####......
####.#######..###..#....
#.##@................
#.##.W...............
##########.##.................
##..........#############...≈≈P
#............# #........≈≈PP
##..≈≈≈≈......# #.........♣≈♣
#...≈≈≈≈⌠.....######........##..
#...≈≈≈≈...........#......<.#...
#.....†.........................


You could see a freezing wraith.

Vanquished Creatures
  A kobold demonologist (D:5)
  A steam dragon (D:6)
  Menkaure (D:6)
  4 water moccasins
  4 ice beasts
  2 black bears
  A necrophage (D:7)
  2 ogres (D:6)
  A centaur (D:6)
  A kobold brigand (D:5)
  A bullfrog (D:6)
  A scorpion (D:3)
  A water moccasin zombie (D:5)
  A wyvern zombie (D:6)
  2 wyvern skeletons
  2 wights
  An electric eel (D:6)
  2 howler monkeys
  An orc priest (D:7)
  A hound (D:4)
  2 jellies (D:6)
  A centaur skeleton (D:6)
  6 iguanas
  An orc wizard (D:7)
  A hound skeleton (D:3)
  3 howler monkey zombies
  8 adders
  4 gnolls
  A white imp (D:7)
  An ufetubus (D:6)
  A worm (D:2)
  3 dart slugs
  8 orcs
  7 ball pythons
  10 endoplasms
  4 giant cockroaches
  10 goblins
  7 hobgoblins
  8 jackals
  11 kobolds
  5 quokkas
  6 bats
  2 frilled lizards
  3 rats
144 creatures vanquished.

Vanquished Creatures (others)
  A withered plant (D:2)
1 creature vanquished.

Grand Total: 145 creatures vanquished

Notes
Turn   | Place    | Note
-------+----------+-------------------------------------------
     0 | D:1      | tilp the Draconian Cinder Acolyte began the quest for the
                  | Orb.
     0 | D:1      | Reached XP level 1. HP: 19/19 MP: 2/2
   184 | D:1      | Found Ahyoc's Armour Shoppe.
   203 | D:1      | Reached XP level 2. HP: 26/26 MP: 3/3
   209 | D:1      | Learned a level 2 spell: Scorch
   504 | D:1      | Reached skill level 4 in Maces & Flails
   893 | D:1      | Reached XP level 3. HP: 31/31 MP: 1/4
  1515 | D:2      | Reached skill level 1 in Stealth
  1671 | D:2      | Reached XP level 4. HP: 38/38 MP: 2/5
  2152 | D:2      | Reached skill level 1 in Dodging
  2465 | D:2      | Found a faded altar of an unknown god.
  2766 | D:3      | Noticed a scorpion
  2775 | D:3      | Killed a scorpion
  2776 | D:3      | Reached skill level 5 in Maces & Flails
  2776 | D:3      | Reached XP level 5. HP: 26/46 MP: 1/6
  3012 | D:3      | Found a burning altar of Makhleb.
  3154 | D:3      | Found a glowing golden altar of the Shining One.
  3399 | D:3      | Reached XP level 6. HP: 23/52 MP: 1/7
  3593 | D:3      | Reached skill level 6 in Maces & Flails
  4037 | D:3      | Identified a scroll of acquirement
  4037 | D:3      | Acquired a manual of Maces & Flails
  4128 | D:1      | Bought a +0 pair of gloves for 58 gold pieces
  4204 | D:4      | Found Zin's Purification Station.
  4209 | D:4      | Found a glowing silver altar of Zin.
  4219 | D:4      | Noticed Eustachio
  4260 | D:4      | Found a bloodstained altar of Trog.
  4350 | D:4      | Noticed an ice beast
  4373 | D:4      | Killed an ice beast
  4374 | D:4      | Reached skill level 7 in Maces & Flails
  4660 | D:4      | Found a sacrificial altar of Ru.
  5096 | D:5      | Entered Level 5 of the Dungeon
  5118 | D:5      | Noticed an ice beast
  5119 | D:5      | Found a staircase to the Ecumenical Temple.
  5230 | D:5      | Found a broken altar of Ashenzari.
  5254 | D:5      | Reached skill level 8 in Maces & Flails
  5254 | D:5      | Reached skill level 1 in Evocations
  5254 | D:5      | Your scales start taking on a dull iron-grey colour.
  5254 | D:5      | Reached XP level 7. HP: 35/59 MP: 0/8
  5263 | D:5      | Learned a level 3 spell: Stone Arrow
  5404 | D:5      | Found a blossoming altar of Fedhas.
  5522 | D:5      | Noticed a kobold demonologist
  5548 | D:5      | Noticed a neqoxec
  5549 | D:5      | Noticed a chaos spawn
  5549 | D:5      | Killed a kobold demonologist
  5550 | D:5      | Reached skill level 9 in Maces & Flails
  5550 | D:5      | Reached XP level 8. HP: 66/66 MP: 9/9
  5623 | D:5      | Noticed a kobold demonologist
  5783 | D:5      | Noticed a kobold demonologist
  5882 | D:5      | Reached skill level 10 in Maces & Flails
  5966 | D:5      | Noticed a kobold demonologist
  6002 | D:6      | Reached skill level 11 in Maces & Flails
  6362 | D:6      | Reached skill level 12 in Maces & Flails
  6492 | D:6      | Reached skill level 13 in Maces & Flails
  6935 | D:6      | Reached XP level 9. HP: 55/71 MP: 7/10
  7055 | D:6      | Noticed Menkaure
  7095 | D:6      | Killed Menkaure
  7323 | D:6      | Reached skill level 14 in Maces & Flails
  7690 | D:6      | Found a stormy altar of Qazlal.
  7783 | D:7      | Reached skill level 1 in Shields
  8498 | D:7      | Noticed an ice devil
  8658 | D:7      | Noticed an ice devil
  8659 | D:7      | Noticed a freezing wraith
  8759 | D:6      | Mangled by a freezing wraith

Illustrated notes

Levels and vault maps discovered:
D:1:      dpeg_arrival_boxes_within_box, layout_basic, serial_shops,
          nicolae_shop_waterfront
D:2:      layout_rooms, ebering_ecumenical_altar_petrified, grunt_ministairs_14
D:3:      layout_loops_ring, mainiacjoe_overflow_24_doors,
          mainiacjoe_overflow_concentric_impassable, minmay_joined_circles
D:4:      layout_basic, zin_purify, mainiacjoe_overflow_tiny_flanked,
          mainiacjoe_overflow_small_starburst, uniq_eustachio
D:5:      layout_basic, fedhas_altar_1, old_standard_altar,
          minmay_temple_entry_drinking_statues
D:6:      layout_rooms, kennysheep_mini, serial_bayou, serial_bayou_shore_b,
          serial_bayou_crossing, serial_bayou_pond_b, serial_bayou_pond_e,
          serial_park_tiny_pond, serial_bayou_pond_e, minmay_between,
          uniq_menkaure
D:7:      layout_cave_pools, hellmonk_guarded_unrand_frostbite

Skill      XL: |  1  2  3  4  5  6  7  8  9 |
---------------+----------------------------+-----
Maces & Flails | 4 5 8 9 13 14 | 14.6
Stealth        | 1 2 |  2.0
Dodging        | 1 2 |  2.0
Fighting       | 4 |  4.0
Evocations     | 1 4 |  4.0
Shields        | 3 |  3.5
Spellcasting   | |  1.0
Fire Magic     | |  3.0

Action                   |  1- 3 |  4- 6 |  7- 9 || total
-------------------------+-------+-------+-------++-------
Melee: Mace              |    59 |    99 |       ||   158
       Tailslap          |     8 |     8 |    15 ||    31
       Morningstar       |       |    55 |   184 ||   239
 Cast: Scorch            |    20 |    40 |    61 ||   121
       Stone Arrow       |       |       |     2 ||     2
Invok: Fiery Armour      |       |     1 |       ||     1
Evoke: Wand              |       |       |     1 ||     1
  Use: Scroll            |     1 |    13 |     3 ||    17
       Potion            |       |     2 |     3 ||     5
 Stab: Sleeping          |       |     2 |     2 ||     4
Armor: Skin              |    23 |    63 |   148 ||   234
Dodge: Dodged            |    59 |   108 |   126 ||   293

Table legend: (Time is in decaauts)
 A = Elapsed time spent in this place.
 B = Non-inter-level travel time spent in this place.
 C = Inter-level travel time spent in this place.
 D = Time resting spent in this place.
 E = Time spent auto-exploring this place.
 F = Levels seen in this place.
 G = Mean time per level.
                   A        B        C        D        E       F      G
               +--------+--------+--------+--------+--------+-----+--------+
         Total |   8800 |   8312 |    488 |   2003 |   4855 |   7 | 1257.1 |
       Dungeon |   8800 |   8312 |    488 |   2003 |   4855 |   7 | 1257.1 |
               +--------+--------+--------+--------+--------+-----+--------+

Top non-repeatable levels by time:
     D:6: 2266 daAuts
     D:1: 1657 daAuts
     D:3: 1495 daAuts
     D:2: 1082 daAuts
     D:4: 965 daAuts
     D:5: 873 daAuts
     D:7: 459 daAuts
